 Dungeon Crawl Stone Soup version 0.29.1-13-g9f3cf754e1 (webtiles) character file.

Game seed: 4835335305332152138

15173 nightchill the Severer (level 11, -2/114 HPs)
             Began as a Minotaur Fighter on Feb 8, 2023.
             Was a Believer of Fedhas.
             Slain by a culicivora (20 damage)
             ... on level 2 of the Lair of Beasts on Feb 9, 2023.
             The game lasted 00:29:01 (14445 turns).

nightchill the Severer (Minotaur Fighter)          Turns: 14445, Time: 00:29:02

Health: -2/114     AC:  9    Str: 25    XL:     11   Next: 98%
Magic:  10/17      EV: 14    Int:  5    God:    Fedhas [**....]
Gold:   596        SH:  4    Dex:  8    Spells: 10/10 levels left

rFire   . . .      SeeInvis +   a - +0 war axe
rCold   . . .      Faith    .   c - +0 buckler
rNeg    . . .      Spirit   .   R - +0 swamp dragon scales
rPois   +          Reflect  .   (helmet restricted)
rElec   .          Harm     .   L - +1 cloak {Stlth+}
rCorr   .          Rampage  .   o - +2 pair of gloves
Will    .....                   (no boots)
Stlth   +.........              (no amulet)
HPRegen 0.29/turn               O - +4 ring of evasion
MPRegen 0.15/turn               I - ring of see invisible

@: no status effects
A: horns 2, retaliatory headbutt, clumsy 1, deformed body, robust 1
a: Renounce Religion, Wall of Briars


You were on level 2 of the Lair of Beasts.
You worshipped Fedhas.
Fedhas was pleased with you.
You visited 3 branches of the dungeon, and saw 12 of its levels.

You collected 596 gold pieces.

Inventory:

Hand Weapons
 a - a +0 war axe (weapon)
 b - a +0 sling
 p - a +2 dagger of electrocution
 w - a +2 vorpal mace
 T - a +0 broad axe
 X - the +5 rapier "Opsamudy" {antimagic, rElec}
   (You found it on level 9 of the Dungeon)

   It reduces the magical energy of the wielder, and disrupts the spells and
   magical abilities of those it strikes.
   Natural abilities and divine invocations are not affected.
   rElec:     It insulates you from electricity.
Missiles
 t - 6 datura-tipped darts (quivered)
 y - 17 poisoned darts
 J - 3 curare-tipped darts
Armour
 c - a +0 buckler (worn)
 o - a +2 pair of gloves (worn)
 L - a +1 cloak of stealth (worn)
 M - a +0 kite shield of protection
 R - +0 swamp dragon scales (worn)
Magical Staves
 Y - a staff of air
Jewellery
 x - a ring of fire
 F - a ring of ice
 I - a ring of see invisible (right hand)
 O - a +4 ring of evasion (left hand)
 W - a ring of wizardry
Wands
 C - a wand of polymorph (21)
 K - a wand of roots (15)
 Q - a wand of charming (4)
 V - a wand of digging (6)
Scrolls
 h - 2 scrolls of amnesia {unknown}
 i - 5 scrolls of butterflies
 j - a scroll of silence {unknown}
 k - a scroll of immolation {unknown}
 l - 4 scrolls of poison {unknown}
 m - a scroll of enchant weapon {unknown}
 r - 3 scrolls of vulnerability {unknown}
 v - 2 scrolls of teleportation {unknown}
 A - 3 scrolls of acquirement {unknown}
 E - 2 scrolls of magic mapping {unknown}
 H - 3 scrolls of identify
 P - a scroll of enchant armour {unknown}
 S - 2 scrolls of blinking {unknown}
Potions
 d - a potion of ambrosia {unknown}
 f - 3 potions of curing
 g - 3 potions of cancellation
 n - 2 potions of resistance
 q - a potion of berserk rage
 s - a potion of flight {unknown}
 u - a potion of invisibility {unknown}
 B - a potion of degeneration {unknown}
 D - a potion of lignification {unknown}
 G - 3 potions of mutation
 N - 3 potions of attraction
 U - a potion of haste {unknown}


   Skills:
 + Level 12.3 Fighting
 * Level 16.4 Axes
 - Level 3.6 Armour
 - Level 3.6 Shields
 + Level 9.8 Invocations


You had 10 spell levels left.
You didn't know any spells.
Your spell library contained the following spells:

 Spells                   Type           Power      Damage    Failure   Level
 Static Discharge         Conj/Air       0%         3-3/arc   85%         2
 Call Canine Familiar     Summ           0%         N/A       97%         3
 Ignite Poison            Fire/Tmut/Pois 0%         N/A       97%         3
 Mephitic Cloud           Conj/Pois/Air  0%         N/A       97%         3
 Ozocubu's Armour         Ice            0%         N/A       97%         3
 Portal Projectile        Hex/Tloc       0%         N/A       97%         3
 Tukima's Dance           Hex            0%         N/A       97%         3
 Airstrike                Air            0%         2d(0-16)  100%        4
 Dispel Undead            Necr           0%         3d6       100%        4
 Leda's Liquefaction      Hex/Erth       0%         N/A       100%        4
 Sticky Flame             Conj/Fire      0%         2d3       100%        4
 Blade Hands              Tmut           0%         N/A       100%        5
 Freezing Cloud           Conj/Ice/Air   0%         6-21      100%        5
 Lightning Bolt           Conj/Air       0%         1d11      100%        5
 Maxwell's Capacitive Co  Air            0%         ∞         100%        8


Dungeon Overview and Level Annotations

Branches:
Dungeon (9/15)             Temple (1/1) D:6            Lair (2/5) D:9
 Spider (0/4) Lair:2
  Swamp: Lair:2-3    Shoals: Lair:2-3       Orc: D:9-12

Altars:
Ashenzari
Cheibriados
Elyvilon
Fedhas
Gozag
Kikubaaqudgha
Makhleb
Nemelex Xobeh
Okawaru
Ru
Sif Muna
Uskayaw
Vehumet
Wu Jian
Xom
Yredelemnul
Zin

Shops:
D:4 =   D:5 (

Annotations:
D:7 exclusions: electric eel and 1 more exclusion
Lair:1 exclusion: downstairs
Lair:2 exclusions: culicivora and 1 more exclusion


Innate Abilities, Weirdness & Mutations

You have a pair of horns on your head.
You reflexively headbutt those who attack you in melee.
You are clumsy. (Dex -2)
Armour fits poorly on your strangely shaped body.
You are robust. (+10% HP)


Message History

The seven-headed hydra bites your briar patch but does no damage.
The seven-headed hydra bites your briar patch! x2
Your briar patch is destroyed!
Your briar patch disappears in a puff of smoke!
Aiming: Grow Ballistomycete (2% risk of failure)
Press: ? - help, Dir - move target A ballistomycete grows from the ground.
You can no longer grow a ballistomycete.
A ballistomycete spore comes into view.
Your ballistomycete spore explodes!
The seven-headed hydra appears confused.
The explosion of spores engulfs the seven-headed hydra!!
The seven-headed hydra is moderately wounded.
Fedhas protects your plant from harm.
You hear a loud, deep croak!
You start resting.
A seven-headed hydra is nearby!
You don't know any spells.
Okay, then.
The culicivora's many legs skitter faintly.
You hit the culicivora. Your headbutt misses the culicivora.
The culicivora is lightly wounded.
The culicivora barely misses you. You furiously retaliate!
You headbutt the culicivora, but do no damage.
As you read the scroll labelled XERAVA MAREA, it crumbles to dust.
You hear the tinkle of a tiny bell.
It was a scroll of butterflies.
The culicivora bites you!
* * * LOW HITPOINT WARNING * * *
The culicivora draws strength from your injuries!
It was a potion of mutation.
You feel extremely strange.
Your body twists and deforms.
You feel clumsy.
You feel robust. The culicivora bites you!
* * * LOW HITPOINT WARNING * * *
The culicivora draws strength from your injuries!
The seven-headed hydra bites your butterfly!!
Your butterfly dies!
Your butterfly disappears in a burst of colours!
The culicivora bites you!!
You die...
Fedhas appreciates your contribution to the ecosystem.

#..........# #^~≈≈≈~~≈≈
##.......#####.~~≈≈≈~~~
#........###...~~~~≈~~
#................~~...
##.#######.PP..#####P.
### #b.##.## #. #P.####
##s# ##@# #P.# #. ##b##
.## # #D.# ...
###.###.#####... ....
................ #...
...#.....#####P. #.⌠.
#.####.# #####†.. #
#..## #.#.....


You could see a seven-headed hydra and a culicivora (ally target).

Vanquished Creatures
  2 hydras (Lair:1)
  2 boulder beetles (Lair:1)
  Erica (Lair:1)
  An ugly thing (D:7)
  A black mamba (Lair:1)
  3 cane toads (Lair:1)
  Maggie (D:7)
  An unseen horror (D:8)
  A rime drake (Lair:1)
  4 komodo dragons
  A troll (D:9)
  Prince Ribbit (D:7)
  A hornet (D:8)
  2 slime creatures (D:5)
  A jumping spider (Lair:2)
  2 wyverns
  A basilisk (Lair:2)
  14 yaks
  A steam dragon (D:7)
  4 water moccasins
  An ice beast (D:6)
  2 orc warriors (D:8)
  3 ogres
  A black bear (D:5)
  3 wolves (D:9)
  2 centaurs (D:9)
  A phantom (D:6)
  4 kobold brigands
  4 gnoll sergeants
  6 bullfrogs
  2 necrophages
  2 scorpions
  7 wights
  9 killer bees (D:9)
  3 howler monkeys (D:9)
  4 crimson imps (D:7)
  6 orc priests
  Crazy Yiuf (D:4)
  5 hounds (D:9)
  8 jellies
  Ijyb (D:4)
  3 iguanas
  5 orc wizards
  17 gnolls
  7 adders
  2 ufetubi
  A worm (D:3)
  4 dart slugs
  30 orcs
  11 endoplasms
  4 giant cockroaches
  18 goblins
  10 hobgoblins
  4 jackals (D:1)
  4 quokkas
  8 ball pythons
  4 bats
  3 frilled lizards
  13 kobolds
  9 rats
  A ballistomycete spore (Lair:1)
278 creatures vanquished.

Vanquished Creatures (collateral kills)
  A yak (Lair:1)
  A bullfrog (Lair:1)
  A jelly (D:5)
  37 ballistomycete spores
40 creatures vanquished.

Vanquished Creatures (others)
  2 ballistomycete spores
  20 fungi
  59 plants
  8 toadstools (D:5)
89 creatures vanquished.

Grand Total: 407 creatures vanquished

Notes
Turn   | Place    | Note
-------+----------+-------------------------------------------
     0 | D:1      | nightchill the Minotaur Fighter began the quest for the
                  | Orb.
     0 | D:1      | Reached XP level 1. HP: 19/19 MP: 0/0
   240 | D:1      | Reached skill level 3 in Axes
   247 | D:1      | Reached XP level 2. HP: 24/27 MP: 1/1
   301 | D:1      | Found a faded altar of an unknown god.
   320 | D:1      | Prayed at the altar of an unknown god.
   320 | D:1      | Became a worshipper of Fedhas Madash
   320 | D:1      | Reached * piety under Fedhas
   952 | D:2      | Reached XP level 3. HP: 24/33 MP: 2/2
  1079 | D:2      | Reached skill level 1 in Invocations
  1091 | D:2      | Reached skill level 4 in Axes
  1135 | D:2      | Reached ** piety under Fedhas
  1170 | D:2      | Reached XP level 4. HP: 39/41 MP: 3/3
  2453 | D:3      | Reached *** piety under Fedhas
  2479 | D:3      | Found a sacrificial altar of Ru.
  2758 | D:4      | Found Xoemoem's Jewellery Boutique.
  2873 | D:4      | Noticed Ijyb
  2887 | D:4      | Reached XP level 5. HP: 47/47 MP: 1/5
  2890 | D:4      | Killed Ijyb
  2891 | D:4      | Reached skill level 5 in Axes
  3075 | D:4      | Reached skill level 5 in Fighting
  3123 | D:4      | You fall into a shaft and drop 3 floors!
  3125 | D:7      | Noticed an ogre
  3134 | D:7      | Killed an ogre
  3135 | D:7      | Reached XP level 6. HP: 43/56 MP: 6/6
  3183 | D:6      | Reached skill level 6 in Axes
  3415 | D:6      | Found a staircase to the Ecumenical Temple.
  3424 | Temple   | Entered the Ecumenical Temple
  3575 | D:6      | Noticed an ice beast
  3591 | D:6      | Killed an ice beast
  3774 | D:6      | Reached XP level 7. HP: 47/62 MP: 3/8
  3777 | D:6      | Reached skill level 7 in Axes
  4063 | D:5      | Entered Level 5 of the Dungeon
  4101 | D:5      | Reached skill level 8 in Axes
  4103 | D:5      | Reached XP level 8. HP: 71/71 MP: 8/10
  4150 | D:5      | Found Zynked's Weapon Shoppe.
  4475 | D:5      | Reached skill level 9 in Axes
  4575 | D:5      | Reached **** piety under Fedhas
  4577 | D:5      | Noticed a slime creature
  4577 | D:5      | Noticed a slime creature
  4585 | D:5      | Killed a slime creature
  4586 | D:5      | Reached skill level 5 in Invocations
  4594 | D:5      | Killed a slime creature
  4595 | D:5      | Reached skill level 10 in Axes
  4916 | D:5      | Found a snail-covered altar of Cheibriados.
  4916 | D:5      | Found a sparkling altar of Nemelex Xobeh.
  4917 | D:5      | Found an iron altar of Okawaru.
  4917 | D:5      | Found a hide-covered altar of Uskayaw.
  5280 | D:4      | Reached XP level 9. HP: 81/81 MP: 12/12
  5351 | D:4      | Found a runed translucent door.
  5352 | D:4      | Noticed Crazy Yiuf
  5538 | D:4      | Killed Crazy Yiuf
  6166 | D:6      | Found a broken altar of Ashenzari.
  6300 | D:7      | Reached skill level 11 in Axes
  6563 | D:7      | Noticed Prince Ribbit
  6572 | D:7      | Killed Prince Ribbit
  6733 | D:7      | Found a shimmering altar of Xom.
  7020 | D:7      | Noticed Maggie
  7033 | D:7      | Noticed a purple ugly thing
  7044 | D:7      | Killed a purple ugly thing
  7045 | D:7      | Reached skill level 12 in Axes
  7046 | D:7      | Killed Maggie
  7047 | D:7      | Reached XP level 10. HP: 31/91 MP: 4/14
  7328 | D:7      | Found a radiant altar of Vehumet.
  8457 | D:8      | Reached skill level 13 in Axes
  8868 | D:8      | Found an ornate altar of the Wu Jian Council.
  9038 | D:9      | Reached skill level 10 in Fighting
  9746 | D:9      | Reached skill level 14 in Axes
 10203 | D:9      | Found a staircase to the Lair.
 10254 | D:9      | Identified the +5 rapier "Opsamudy" {antimagic, rElec}
 11002 | Lair:1   | Entered Level 1 of the Lair of Beasts
 11047 | Lair:1   | Noticed a seven-headed hydra
 11068 | Lair:1   | Noticed a boulder beetle
 11071 | Lair:1   | Killed a seven-headed hydra
 11072 | Lair:1   | Reached XP level 11. HP: 32/101 MP: 12/16
 11357 | Lair:1   | Killed a boulder beetle
 11880 | Lair:1   | Noticed Erica
 11902 | Lair:1   | Killed Erica
 11903 | Lair:1   | Reached skill level 15 in Axes
 12310 | Lair:1   | Noticed a boulder beetle
 12320 | Lair:1   | Killed a boulder beetle
 12483 | Lair:1   | Got the Handbook of Hazy Frostbite
 13095 | Lair:1   | Reached skill level 16 in Axes
 13364 | Lair:1   | Noticed a five-headed hydra
 13377 | Lair:1   | Killed a five-headed hydra
 13673 | Lair:2   | Noticed a seven-headed hydra
 13685 | Lair:1   | HP: 5/104 [komodo dragon (23)]
 14142 | Lair:2   | Found a hole to the Spider Nest.
 14445 | Lair:2   | Gained mutation: Armour fits poorly on your strangely
                  | shaped body. [potion of mutation]
 14445 | Lair:2   | Gained mutation: You are clumsy. (Dex -2) [potion of
                  | mutation]
 14445 | Lair:2   | Gained mutation: You are robust. (+10% HP) [potion of
                  | mutation]
 14445 | Lair:2   | Slain by a culicivora

Illustrated notes

Levels and vault maps discovered:
D:1:      dpeg_arrival_rooms_c, layout_basic,
          dreamdust_ecumenical_altar_hidden_monk_grotto
D:2:      layout_loops_ring, minmay_split_cup_small
D:3:      minmay_recursive_quarters, layout_basic,
          nicolae_ru_sacrificial_ziggurat
D:4:      layout_rooms, serial_corexii_hall, chequers_hall_statues_corner_a,
          corexii_hall_statues_i, serial_shops, nicolae_shop_hallway_stairs,
          uniq_crazy_yiuf_cottage, uniq_ijyb
D:5:      cheibrodos_fertilizer, layout_loops_cross,
          chequers_temple_overflow_statue_of_worship, serial_shops, shop
D:6:      layout_rooms, ashenzari_conservatory_becter, minmay_temple_entry_hall,
          kennysheep_small_circle
D:7:      layout_rooms, nicolae_overflow_hidden_temple, led_xom_imps,
          chequers_temple_overflow_minitemple, serial_bayou_lagoon_a,
          uniq_maggie, uniq_prince_ribbit1
D:8:      layout_basic, nicolae_wu_jian_immortal_techniques
D:9:      layout_loops_ring, erik_lair_island, enter_bailey_4
Temple:   nicolae_temple_two_arcs
Lair:1:   layout_cave_pods, gauntlet_entry_generic, nzn_sisyphean_effort,
          uniq_erica
Lair:2:   layout_small_grid, nicolae_spider_entry_tight_spaces,
          infiniplex_staircase_pool_2, grunt_megastairs_4

Skill      XL: |  1  2  3  4  5  6  7  8  9 10 11 |
---------------+----------------------------------+-----
Axes           | 3 4 5 6 8 10 12 14 16 | 16.4
Fighting       | 4 5 6 7 9 10 12 | 12.3
Invocations    | 1 2 3 4 5 7 8 9 |  9.8
Armour         | |  3.6
Shields        | |  3.6

Action                   |  1- 3 |  4- 6 |  7- 9 | 10-12 || total
-------------------------+-------+-------+-------+-------++-------
Melee: War axe           |    75 |   128 |   205 |   297 ||   705
       Headbutt          |     4 |    13 |    44 |    72 ||   133
       Mace              |       |       |       |    12 ||    12
Invok: Grow Ballistomyce |       |     2 |     5 |    13 ||    20
       Wall of Briars    |       |       |     3 |     6 ||     9
  Use: Scroll            |       |     5 |       |     1 ||     6
       Potion            |       |     2 |     4 |     8 ||    14
 Stab: Confused          |       |       |     1 |     2 ||     3
       Sleeping          |       |       |       |     1 ||     1
Armor: Scale mail        |    37 |    34 |       |       ||    71
       Chain mail        |       |    33 |   103 |       ||   136
       Skin              |       |     5 |       |       ||     5
       Swamp dragon scal |       |       |       |   162 ||   162
Dodge: Dodged            |    30 |    47 |    59 |   154 ||   290
Block: Buckler           |    21 |    31 |    35 |    54 ||   141
